[Event "Open Nuevo Centro. Jornada 2"]
[Site "Chess.com"]
[Date "2020.06.26"]
[Round "6"]
[White "Gimeno Higueras, Roberto"]
[Black "Martínez Carvajal, Juan Francisco"]
[Result "1-0"]
[WhiteElo "1978"]
[BlackElo "1751"]
[TimeControl "180+2"]
[EndTime "11:34:46 PDT"]
[Termination "Victoria de Chicogrande2 por jaque mate"]

1. e4 c5 2. c3 Nf6 3. e5 Nd5 4.
d4 cxd4 5. Nf3 Nc6 6. cxd4 d6 7. Bc4 Nb6 8. Bb5 Bd7 9. Nc3 e6 10. O-O a6 11. Bd3 Nd5 12. Re1 Rc8 13. Nxd5 dxe5 14. Nxe5 Nxe5 15. Rxe5 Bd6 16. Re1 O-O 17. Bf4 Bc6 18.
Bxd6 Qxd6 19. Nc3 Rfd8 20. d5 Bxd5 21. Nxd5 Qxd5 22. Be4 Qb5 23. Qf3 Qxb2 24. Bxb7 Rc2 25. Bxa6 g6 26. h4 Rdd2 27. Rf1 Rxf2 28. Rxf2 Qxa1+ 29. Kh2 Qe5+ 30. g3 Rc3 31. Qxf7+ Kh8 32. Qf8# 1

[Event "Open Nuevo Centro. Jornada 2"]
[Site "Chess.com"]
[Date "2020.06.26"]
[Round "6"]
[White "Donate Peris, Jose Manuel"]
[Black "Alvarez Usina, Jordi"]
[Result "1-0"]
[WhiteElo "1601"]
[BlackElo "1200"]
[TimeControl "180+2"]
[EndTime "11:34:50 PDT"]
[Termination "Victoria de cheryme por tiempo"]

1. d4 d5 2. c4 Bf5 3. e3 e6 4. cxd5 Qxd5 5. Nc3 Qd8 6. Nf3 c6 7. Bd2 Nf6 8. h3 Nbd7 9. Rc1 Bd6 10. Bc4 Nb6 11. Bb3 Ne4 12. Nxe4 Bxe4 13. O-O O-O 14. Bc3 Nd7 15. Nd2 Bg6 16. e4 Bb8 17. f4 Qf6 18. f5 exf5 19. exf5 Bxf5 20. Ne4 Qg6 21. Nc5 Bxh3 22. Qf3 Bg4 23. Qf2 Nxc5 24. dxc5 Qh5 25. g3 Qh3 26. Qh2 Bxg3 27. Qxh3 Bxh3 28. Rf3 Bc7 29.
Rxh3 Rfe8 30. Kf2 Re7 31. Rch1 1

[Event "Open Nuevo Centro. Jornada 2"]
[Site "Chess.com"]
[Date "2020.06.26"]
[Round "6"]
[White "Roca Cruz, Rafael"]
[Black "Borissov, Julián"]
[Result "0-1"]
[WhiteElo "1719"]
[BlackElo "1858"]
[TimeControl "180+2"]
[EndTime "11:35:03 PDT"]
[Termination "Victoria de julianborisov por tiempo"]

1. d4 Nf6 2. c4 e6 3. Nc3 d5 4.
Bg5 Be7 5. cxd5 exd5 6. e3 O-O 7. Bd3 h6 8. Bh4 Be6 9. Qc2 Nbd7 10. Nge2 c5 11. O-O Rc8 12. Bf5 Qb6 13. Nf4 cxd4 14.
Bxe6 fxe6 15. Ng6 Rfe8 16. Nxe7+ Rxe7 17. exd4 Qxd4 18. Bg3 Ne4 19. Rad1 Qb6 20. Qb3 Ndc5 21. Qxb6 axb6 22. Nb5 Nxg3 23. hxg3 Ra8 24. a3 Ne4 25. Rfe1 Ra5 26. Nd4 Rc5 27. Re3 g6 28. Kh2 e5 29.
Nb3 Nxf2 30. Nxc5 Nxd1 31. Rd3 bxc5 0

[Event "Open Nuevo Centro. Jornada 2"]
[Site "Chess.com"]
[Date "2020.06.26"]
[Round "6"]
[White "Rausell Taberner, Diego"]
[Black "Albuixech Sanz, Jorge"]
[Result "0-1"]
[WhiteElo "576"]
[BlackElo "1356"]
[TimeControl "180+2"]
[EndTime "11:35:09 PDT"]
[Termination "Victoria de Gamyi2 por jaque mate"]

1. e4 c5 2. Nf3 d6 3. Bc4 e6 4. e5 dxe5 5. Nxe5 Nc6 6. Nxc6 bxc6 7. O-O Nf6 8. d3 Be7 9. Qf3 Qc7 10. Nc3 O-O 11. Qh3 e5 12. Qg3 Re8 13. Bh6 Nh5 14. Qf3 Nf6 15. Ne4 Be6 16. Nxf6+ Bxf6 17.
Qg3 Rad8 18. Rae1 Qd6 19. Re3 Bxc4 20. Rf3 Kh8 21. Rxf6 Qxf6 22. Bxg7+ Qxg7 23. Qxg7+ Kxg7 24. dxc4 Rd2 25. Re1 f6 26. h3 Rxc2 27. Re4 Rxb2 28. Rg4+ Kf7 29. Kh2 Rg8 30. Rh4 Rg7 31. Re4 Rxa2 32.
Rh4 Rxf2 33. Kg1 Rc2 34. Kf1 Rgxg2 35. Ke1 Rg1# 0

[Event "Open Nuevo Centro. Jornada 2"]
[Site "Chess.com"]
[Date "2020.06.26"]
[Round "6"]
[White "Gómez Alonso, Óscar"]
[Black "Cayon Pelaez, Pablo"]
[Result "0-1"]
[WhiteElo "1852"]
[BlackElo "1820"]
[TimeControl "180+2"]
[EndTime "11:35:11 PDT"]
[Termination "Victoria de Ataquedefinitivo por jaque mate"]

1. d4 d5 2. c4 c6 3. Nc3 Nf6 4.
cxd5 cxd5 5. Nf3 e6 6. Bf4 Nc6 7. e3 Bd6 8. Bg5 a6 9. Bd3 h6 10. Bh4 O-O 11. O-O Bd7 12. a3 Be7 13. e4 dxe4 14.
Nxe4 Nxe4 15. Bxe7 Qxe7 16. Bxe4 Rfd8 17. d5 exd5 18.
Bc2 Bg4 19. Qd3 g6 20. Rfe1 Qf6 21. b4 Bxf3 22. gxf3 Ne5 23. Qe3 Nxf3+ 24. Kh1 Nxe1 25. Qxe1 Re8 26. Qd1 Re5 27. Qd3 Rg5 28. Rf1 Rc8 29.
f4 Rh5 30. Bb3 Rc3 31. Qd1 Rch3 32. Rf2 Qc6 33. Rg2 d4 34. Qxd4 Rxh2+ 35. Kg1 Qxg2# 0

[Event "Open Nuevo Centro. Jornada 2"]
[Site "Chess.com"]
[Date "2020.06.26"]
[Round "6"]
[White "Pallardo Lozoya, Jose Vicente"]
[Black "Vega Gutiérrez, Sabrina"]
[Result "1-0"]
[WhiteElo "2318"]
[BlackElo "2035"]
[TimeControl "180+2"]
[EndTime "11:35:17 PDT"]
[Termination "Victoria de PallardoChess por tiempo"]

1. e4 c5 2. Nc3 a6 3. g3 b5 4. Bg2 Bb7 5. d3 e6 6. f4 d5 7. exd5 Nf6 8. Nf3 b4 9. Ne4 Bxd5 10.
Qe2 Nc6 11. O-O Be7 12. c4 bxc3 13. bxc3 O-O 14. c4 Bxe4 15. dxe4 Nd4 16. Nxd4 cxd4 17.
e5 d3 18. Qf3 Bc5+ 19. Kh1 Qd4 20. exf6 Qxa1 21. Be3 Qxa2 22. Bxc5 Rfd8 23. Qg4 g6 24. Qg5 1

[Event "Open Nuevo Centro. Jornada 2"]
[Site "Chess.com"]
[Date "2020.06.26"]
[Round "6"]
[White "Macias Pino, Diego"]
[Black "Lopez Mateo, Juan Carlos"]
[Result "1-0"]
[WhiteElo "2215"]
[BlackElo "1995"]
[TimeControl "180+2"]
[EndTime "11:35:22 PDT"]
[Termination "Victoria de jesuimafe por tiempo"]

1. e4 c5 2. Nc3 e6 3. Nf3 a6 4. d4 cxd4 5. Nxd4 Qc7 6. g3 Nf6 7. Bg2 d6 8. O-O Be7 9. Be3 O-O 10. f4 Nc6 11. Nxc6 bxc6 12. g4 d5 13. g5 Nd7 14. f5 Rb8 15. Qg4 exf5 16. exf5 Rxb2 17. Bd4 Rb4 18. Kh1 Qd8 19. g6 hxg6 20. fxg6 Ne5 21. gxf7+ Rxf7 22. Qd1 Rxf1+ 23. Bxf1 Bd6 24. Qd2 Nf3 25. Qg2 Nxd4 26. Bd3 1

[Event "Open Nuevo Centro. Jornada 2"]
[Site "Chess.com"]
[Date "2020.06.26"]
[Round "6"]
[White "Hassomal Daswani, Birjkumar"]
[Black "Crevillen Abad, Clemente"]
[Result "1-0"]
[WhiteElo "1837"]
[BlackElo "1749"]
[TimeControl "180+2"]
[EndTime "11:35:32 PDT"]
[Termination "Victoria de daz000007 por tiempo"]

1. e4 c5 2. Nf3 Nc6 3. d4 cxd4 4. Nxd4 Nf6 5. Nc3 e5 6. Nxc6 bxc6 7. Bg5 Bb4 8. f3 O-O 9. Bc4 Bxc3+ 10. bxc3 Qa5 11. Qd3 d5 12. Bb3 dxe4 13. fxe4 Nd7 14. O-O Nc5 15.
Qf3 Nxb3 16. axb3 Qc7 17. Be3 f6 18. h4 a6 19. Bc5 Rd8 20. h5 h6 21. Qg3 Kh8 22.
Qg6 Bb7 23. Rf3 Rd7 24. Raf1 Rf7 25. b4 a5 26. Rg3 axb4 27. cxb4 Ba6 28. Rff3 Be2 29. Rf2 Ra1+ 30. Kh2 Bc4 31. Be3 Ra8 32. Bxh6 gxh6 33. Qxh6+ Rh7 34. Qxf6+ 1

[Event "Open Nuevo Centro. Jornada 2"]
[Site "Chess.com"]
[Date "2020.06.26"]
[Round "6"]
[White "Salvador Buiza, Victor"]
[Black "Kovacevic, Slobodan"]
[Result "0-1"]
[WhiteElo "1765"]
[BlackElo "2114"]
[TimeControl "180+2"]
[EndTime "11:35:39 PDT"]
[Termination "Victoria de nikko110 por jaque mate"]

1. e4 c5 2. Nf3 e6 3. c3 d5 4. exd5 exd5 5. d4 Nc6 6. Bb5 Bd6 7. O-O Ne7 8. Be3 c4 9. b3 cxb3 10. axb3 O-O 11. Bd3 h6 12. c4 Be6 13. Qc2 a6 14. c5 Bc7 15. Qd2 Bd7 16. Bxh6 gxh6 17. Qxh6 Bf5 18. Qg5+ Bg6 19. Nh4 Kh7 20. Qh5+ Kg7 21.
Qg5 Rh8 22. f4 Ng8 23. Nf5+ Kf8 24. Qg3 Qf6 25. Ne3 Bxd3 26. Nxd5 Qxd4+ 27. Kh1 Qxd5 28. Rd1 Rd8 29. Nc3 Qd4 30. Ne2 Qe4 31. Nc3 Qxf4 32.
Qe1 Qxh2# 0

[Event "Open Nuevo Centro. Jornada 2"]
[Site "Chess.com"]
[Date "2020.06.26"]
[Round "6"]
[White "Campos Gambuti, Luis María"]
[Black "Remolar Gallen, Jose"]
[Result "1/2-1/2"]
[WhiteElo "2415"]
[BlackElo "2355"]
[TimeControl "180+2"]
[EndTime "11:35:42 PDT"]
[Termination "Partida en tablas por mutuo acuerdo"]

1. d4 d6 2. e4 Nf6 3. Nc3 g6 4. Bg5 c6 5. Qd2 b5 6. f3 Nbd7 7. Bd3 e5 8. Nge2 h6 9. Be3 Bg7 10. a4 b4 11. Nd1 a5 12. Nf2 Qe7 13. O-O c5 14. dxc5 Nxc5 15. Bb5+ Bd7 16. Rfd1 Bxb5 17. axb5 Nb7 18. c3 b3 19. Nc1 O-O 20. Nxb3 Qe6 21. Nc1 Rfd8 22. Bxh6 d5 23. Bxg7 Kxg7 24. Ncd3 dxe4 25.
fxe4 Rh8 26. Qe3 Rh4 27. h3 Nd6 28. b3 Nxb5 29. Qc5 1/2-1

[Event "Open Nuevo Centro. Jornada 2"]
[Site "Chess.com"]
[Date "2020.06.26"]
[Round "6"]
[White "Casado Andreu, David"]
[Black "Yatseta Fernandez, Marc Kazymyr"]
[Result "0-1"]
[WhiteElo "1626"]
[BlackElo "1476"]
[TimeControl "180+2"]
[EndTime "11:35:42 PDT"]
[Termination "Victoria de K_73 por abandono"]

1. e4 e5 2. Nf3 Nc6 3. Bc4 d6 4. c3 Be7 5. d3 Nf6 6. Bb3 O-O 7.
Nbd2 Be6 8. Bc2 Qd7 9. Nf1 Bg4 10. Ng3 Nh5 11. Nxh5 Bxh5 12. h3 Qe6 13. Rg1 f5 14. Bg5 Bxf3 15. gxf3 Qg6 16. Bb3+ Kh8 17. Qd2 h6 18.
Bxe7 Qxg1+ 19. Ke2 Qh2 20. Bxf8 Rxf8 21. exf5 Qxh3 22. Qe3 Qxf5 23. Bd5 a6 24. Be4 Qf6 25. Rg1 g5 26. b4 Qf4 27. Rh1 Kg7 28. Qxf4 exf4 29.
Bxc6 bxc6 30. Kd2 Kg6 31. Re1 Kf6 32. a4 h5 33. c4 g4 34. fxg4 hxg4 35. b5 cxb5 36.
axb5 axb5 37. cxb5 Rb8 38. Rg1 Kf5 39. Rxg4 Kxg4 0

[Event "Open Nuevo Centro. Jornada 2"]
[Site "Chess.com"]
[Date "2020.06.26"]
[Round "6"]
[White "Yuste Valenzuela, Alejandro"]
[Black "Birnoveanu, Petru"]
[Result "1-0"]
[WhiteElo "1853"]
[BlackElo "1686"]
[TimeControl "180+2"]
[EndTime "11:35:48 PDT"]
[Termination "Victoria de alejandrito290 por tiempo"]

1. e4 e6 2. d4 d5 3. Nc3 dxe4 4. Nxe4 Nf6 5. Bd3 Be7 6. Nf3 Bd7 7. O-O Bc6 8. Qe2 Nbd7 9. c3 Nb6 10. Bf4 Nbd5 11. Bg3 O-O 12. Ne5 Be8 13. Nxf6+ Bxf6 14. f4 c6 15. f5 Bd7 16. fxe6 Bxe6 17. Rae1 a6 18. a3 b5 19. Nxc6 Qd7 20. Ne5 Qb7 21. Bb1 Ne7 22.
Qc2 Ng6 23. h4 Bxe5 24. Bxe5 h5 25. Bg3 Qd7 26. Re5 Bg4 27. Rg5 Qc6 28. Be5 Rae8 29.
b4 1

[Event "Open Nuevo Centro. Jornada 2"]
[Site "Chess.com"]
[Date "2020.06.26"]
[Round "6"]
[White "Rodriguez Rodriguez, Joan David "]
[Black "Conejero Martínez, Víctor"]
[Result "0-1"]
[WhiteElo "1597"]
[BlackElo "1393"]
[TimeControl "180+2"]
[EndTime "11:36:00 PDT"]
[Termination "Victoria de Camelocota20 por tiempo"]

1. d4 d5 2. c4 Nf6 3. cxd5 Nxd5 4. e4 Nf6 5. Nc3 e6 6. Bg5 Be7 7. Nf3 O-O 8. Be2 b6 9. O-O c5 10. Bxf6 Bxf6 11. dxc5 bxc5 12. Rc1 Bb7 13. Qb3 Qe7 14. Rfd1 Nc6 15. Bb5 Ne5 16. Nxe5 Bxe5 17. Rd7 Qh4 18. g3 Qh6 19. f4 Bxf4 20. gxf4 Qxf4 21. Rf1 Qg4+ 22. Kh1 Bxe4+ 23. Nxe4 Qxe4+ 24. Qf3 Qb4 25. Rxf7 Rfd8 26. a4 Qxb2 27. Qg3 Rd2 28. Rg1 Kxf7 29. Bc6 Rad8 30. Be4 Re2 31. Qf3+ Kg8 32. Qg3 Rxe4 0

[Event "Open Nuevo Centro. Jornada 2"]
[Site "Chess.com"]
[Date "2020.06.26"]
[Round "6"]
[White "Valverde Alcaide, Miguel Alejandro"]
[Black "SIMARRO PEIRÓ, ANDRÉS"]
[Result "0-1"]
[WhiteElo "858"]
[BlackElo "1035"]
[TimeControl "180+2"]
[EndTime "11:36:02 PDT"]
[Termination "Victoria de AndresSP24 por tiempo"]

1. e4 e5 2. Nf3 Nc6 3. Bc4 Bc5 4. Ng5 Qxg5 5. g3 Qf6 6. Qe2 Nd4 7. Qd3 Nf3+ 8. Kd1 Bxf2 9. Rf1 Nxh2 10. Qd5 Qf3+ 11.
Be2 Qg2 12. c3 Nxf1 13. Bxf1 Qxf1+ 14. Kc2 Qe2 15. Qxe5+ Ne7 16. Qxg7 Rf8 17. Na3 Qxe4+ 18.
Kd1 Qf3+ 19. Kc2 Qe4+ 20. Kd1 Qe1+ 21. Kc2 Bxg3 22. Qxh7 Rg8 23. d3 Qe2+ 24. Kb3 d6 25.
Bh6 Be6+ 26. c4 Qe5 27. Rg1 Qc5 28. Rxg3 Rxg3 29. Qh8+ Kd7 30. Qxa8 Rxd3+ 31. Kc2 Bxc4 32. Nxc4 Qxc4+ 0

[Event "Open Nuevo Centro. Jornada 2"]
[Site "Chess.com"]
[Date "2020.06.26"]
[Round "6"]
[White "Marín Corresa, Arturo"]
[Black "Castellano López, Javier"]
[Result "1-0"]
[WhiteElo "2197"]
[BlackElo "1797"]
[TimeControl "180+2"]
[EndTime "11:36:16 PDT"]
[Termination "Victoria de Estivella por jaque mate"]

1. e4 d5 2. exd5 Qxd5 3. Nf3 Nf6 4. d4 Bg4 5. Be2 e6 6. a3 c6 7. c4 Qd8 8. Nc3 Bd6 9. Be3 Nbd7 10. Qb3 Qc7 11. O-O-O Rc8 12. Kb1 Bf5+ 13. Ka1 a6 14. Rc1 Qb8 15. h3 O-O 16. g4 Bg6 17. Nh4 b5 18. c5 Bf4 19. Nxg6 hxg6 20. h4 a5 21. g5 Nh5 22. Bxh5 gxh5 23. g6 Bxe3 24. fxe3 b4 25. Ne4 bxa3 26. Qxa3 fxg6 27. Rhg1 Kh7 28. Ng5+ Kh6 29.
e4 e5 30. d5 Qb4 31. Qe3 Rf4 32. d6 a4 33. Rc3 Ra8 34. Ne6 Qxe4 35. Nxf4 Qxe3 36.
Rxe3 exf4 37. Re6 Nxc5 38. Rexg6+ Kh7 39. Rxg7+ Kh8 40. R7g5 Rg8 41. Rxh5# 1

[Event "Open Nuevo Centro. Jornada 2"]
[Site "Chess.com"]
[Date "2020.06.26"]
[Round "6"]
[White "Valverde Caballero, Rafael"]
[Black "Gerona Maura, Jesus"]
[Result "1-0"]
[WhiteElo "1893"]
[BlackElo "1748"]
[TimeControl "180+2"]
[EndTime "11:36:16 PDT"]
[Termination "Victoria de Eumenes por abandono"]

1. c4 Nf6 2. Nc3 e6 3. e4 d5 4. e5 d4 5. exf6 dxc3 6. bxc3 Qxf6 7. d4 h6 8. Nf3 c5 9. Be3 Nc6 10. Be2 cxd4 11. Nxd4 Ne5 12. O-O Be7 13. Nb5 O-O 14. Bd4 Qf5 15. Nxa7 Bf6 16. Nb5 Nc6 17. Nd6 Nxd4 18. Nxf5 Nxf5 19. Bf3 Rd8 20. Qc2 Bd7 21. Bxb7 Rab8 22. Be4 Nd6 23. Bd3 Ra8 24. Rfd1 Ba4 25.
Qe2 Bxd1 26. Qxd1 Bxc3 27. Rc1 Bf6 28. Qc2 Nb7 29. c5 Rac8 30. c6 Na5 31. Be4 Be7 32. g3 f5 33. Bf3 Rd6 34. a4 Nxc6 35. Bxc6 Rdxc6 36. Qxc6 Rxc6 37. Rxc6 Kf7 38. a5 1

[Event "Open Nuevo Centro. Jornada 2"]
[Site "Chess.com"]
[Date "2020.06.26"]
[Round "6"]
[White "Aymerich Rosell, Pablo"]
[Black "Sanchez Saez, Francisco"]
[Result "1/2-1/2"]
[WhiteElo "1995"]
[BlackElo "2280"]
[TimeControl "180+2"]
[EndTime "11:36:19 PDT"]
[Termination "Tablas por repeticiÃ³n de movimientos"]

1. e4 c5 2. Nf3 d6 3. d4 cxd4 4.
Nxd4 Nf6 5. Nc3 g6 6. Be3 Bg7 7. f3 O-O 8. Qd2 Nc6 9. O-O-O d5 10. Qe1 e5 11. Nxc6 bxc6 12. exd5 Nxd5 13. Bc4 Be6 14. Ne4 Qc7 15. Bc5 Rfd8 16. Qh4 h6 17. g4 Nf4 18.
Bxe6 Nxe6 19. Qf2 Rd5 20. c4 Rxd1+ 21. Rxd1 Rd8 22. Rxd8+ Qxd8 23. Qd2 Qh4 24. Bxa7 Qh3 25. Qf2 f5 26. gxf5 gxf5 27. Ng3 Qh4 28. b3 Nf4 29.
Kb1 Qd8 30. Qc2 e4 31. Nxf5 exf3 32. Nxg7 Kxg7 33. Qc3+ Kg8 34. Qxf3 Qf6 35. Be3 Qf5+ 36. Ka1 Qf6+ 37. Kb1 Qf5+ 38. Ka1 Qf6+ 39. Kb1 1/2-1

[Event "Open Nuevo Centro. Jornada 2"]
[Site "Chess.com"]
[Date "2020.06.26"]
[Round "6"]
[White "Sanchis Bon, Sergi"]
[Black "Morata Briones, Carlos"]
[Result "0-1"]
[WhiteElo "923"]
[BlackElo "882"]
[TimeControl "180+2"]
[EndTime "11:36:19 PDT"]
[Termination "Victoria de CarlosMorata por jaque mate"]

1. e4 e5 2. Qf3 Qf6 3. Nc3 Nc6 4. Bd3 Bc5 5. Bc4 d6 6. d3 Be6 7. Qxf6 Nxf6 8. Bxe6 fxe6 9. Nf3 Ng4 10. O-O Bxf2+ 11. Rxf2 Nxf2 12. Kxf2 O-O 13. Kg1 Rf7 14. Nh4 Raf8 15. Be3 h6 16. Nb5 a6 17. Nxc7 Rxc7 18.
Ng6 Rf6 19. Nh4 Rcf7 20. c4 Nd4 21. Bxd4 exd4 22. Nf3 e5 23. c5 dxc5 24. Nxe5 Re7 25.
Ng4 Rf4 26. h3 h5 27. Nf2 Ref7 28. Nh1 h4 29. g3 hxg3 30. Nxg3 Rf3 31. Nh5 Rxh3 32. Nxg7 Rxg7+ 33. Kf2 Rf7+ 34. Ke2 Rh2+ 35. Ke1 Rg7 36. Kf1 Rf7+ 37. Kg1 Rc2 38. Rd1 Rg7+ 39. Kh1 Rh7+ 40. Kg1 Rg7+ 41. Kh1 Rh7+ 42. Kg1 Rh6 43. Rf1 Rg6+ 44. Kh1 Re2 45. Rf5 Re1+ 46. Kh2 Rh6+ 47. Kg3 Re3+ 48. Kg4 Rg6+ 49. Kh5 Kh7 50. Rf7+ Kg8 51.
Rxb7 Rg1 52. Rb8+ Kf7 53. Rb7+ Ke6 54. Rb6+ Ke5 55. Rxa6 Rh3# 0

[Event "Open Nuevo Centro. Jornada 2"]
[Site "Chess.com"]
[Date "2020.06.26"]
[Round "6"]
[White "Ainsa Jimenez, Lucas"]
[Black "Denis Cazacu, Ioan"]
[Result "0-1"]
[WhiteElo "923"]
[BlackElo "1397"]
[TimeControl "180+2"]
[EndTime "11:36:23 PDT"]
[Termination "Victoria de TFdenis25 por jaque mate"]

1. e4 c5 2. Nf3 Nc6 3. Bc4 g6 4. Ng5 e6 5. Nf3 Bg7 6. Nc3 Nf6 7. O-O a6 8. Re1 b5 9. Bf1 O-O 10. g3 d5 11. exd5 Nxd5 12. Nxd5 Qxd5 13. Bg2 Qd6 14. d3 Rb8 15. Bf4 e5 16. Bc1 Nd4 17. Nxd4 cxd4 18. Bd2 Bb7 19. Bxb7 Rxb7 20. a3 Re7 21. Bb4 Qd7 22.
Bxe7 Qxe7 23. c3 dxc3 24. bxc3 Qc7 25. Qc2 Rc8 26. Rac1 Qd6 27. Qd2 Qxa3 28. Ra1 Qd6 29. Ra2 h5 30. Rea1 Rc6 31. c4 e4 32. cxb5 axb5 33.
dxe4 Bxa1 34. Qxd6 Rxd6 35. Rxa1 Rd4 36. Re1 Rb4 37.
Kg2 Rb3 38. Kh3 Kg7 39. e5 Rb4 40. f4 Kf8 41. Kh4 Ke7 42. Kg5 Ke6 43. g4 hxg4 44.
Kxg4 Rb2 45. h3 b4 46. Re4 b3 47. Rb4 Rb1 48. Rb6+ Ke7 49. Kg5 b2 50. h4 Rg1+ 51.
Kh6 b1=Q 52. Rxb1 Rxb1 53. h5 gxh5 54. Kxh5 Rf1 55. Kg5 Ke6 56. Kg4 f6 57. exf6 Kxf6 58. Kg3 Kf5 59. Kg2 Rxf4 60. Kg3 Ke4 61. Kg2 Ke3 62. Kg3 Rf8 63. Kg4 Rf2 64. Kg3 Rf8 65.
Kg4 Rf1 66. Kg5 Ke4 67. Kg6 Ke5 68. Kg7 Ke6 69. Kg8 Ke7 70. Kg7 Rg1+ 71. Kh6 Kf6 72. Kh5 Rg8 73. Kh6 Rh8# 0

[Event "Open Nuevo Centro. Jornada 2"]
[Site "Chess.com"]
[Date "2020.06.26"]
[Round "6"]
[White "Rodriguez, Mathias"]
[Black "Zamora Soler, Raul"]
[Result "0-1"]
[WhiteElo "1959"]
[BlackElo "1783"]
[TimeControl "180+2"]
[EndTime "11:36:58 PDT"]
[Termination "Victoria de rzamora80 por jaque mate"]

1. e4 c5 2. Nf3 Nc6 3. Bb5 e6 4.
Nc3 a6 5. Bxc6 bxc6 6. O-O Be7 7. d3 d5 8. h3 Bf6 9. e5 Be7 10.
Nh2 a5 11. Qg4 g6 12. a4 Ba6 13. f4 c4 14. Rd1 cxd3 15. cxd3 Qb6+ 16. Kh1 Qf2 17. Nf3 h5 18. Be3 hxg4 19. Bxf2 gxf3 20. gxf3 Rxh3+ 21. Kg2 Rh8 22. Ne2 Kd7 23. Rac1 Nh6 24.
Ng3 Nf5 25. Nxf5 gxf5 26. Bc5 Rag8+ 27. Kf2 Rh2+ 28. Ke3 Bd8 29. Rg1 Rhg2 30. Rxg2 Rxg2 31. Bd4 Be7 32. Bb6 Rxb2 33. Bxa5 c5 34. Bd2 d4+ 35. Ke2 Rb3 36. Rh1 Bxd3+ 37. Kf2 c4 38. Rh7 c3 39.
Bc1 Ke8 40. Rh8+ Bf8 41. Ke1 Rb1 42. Kd1 Be2+ 43. Kc2 Rxc1+ 44. Kxc1 d3 45. Rh1 d2+ 46. Kc2 d1=Q+ 47. Rxd1 Bxd1+ 48. Kxd1 Bb4 49. Kc2 Ba5 50.
Kd3 Kd7 51. Kc2 Kc6 52. Kd3 Kc5 53. Kc2 Kb4 54. Kd3 Kxa4 55. Kc2 Kb4 56. Kd3 Kb3 57. Ke2 Kc4 58. Kd1 Kd4 59. Ke2 c2 60. Kf2 c1=Q 61.
Kg3 Qg1+ 62. Kh3 Ke3 63. Kh4 Kxf4 64. Kh5 Qg5# 0

[Event "Open Nuevo Centro. Jornada 2"]
[Site "Chess.com"]
[Date "2020.06.26"]
[Round "6"]
[White "Rabbani Perez, Oumaima "]
[Black "Alvarez Usina, Joan"]
[Result "0-1"]
[WhiteElo "652"]
[BlackElo "782"]
[TimeControl "180+2"]
[EndTime "11:37:03 PDT"]
[Termination "Victoria de Joan_alvarez por jaque mate"]

1. e3 e5 2. Bc4 Bc5 3. Nf3 Nc6 4. Ng5 Qxg5 5. Qf3 d6 6. Qxf7+ Kd8 7. Qf8+ Kd7 8. Qf7+ Kd8 9. Nc3 Nh6 10. Qe6 Bxe6 11. Bxe6 Ng4 12. O-O Qh5 13. h3 Nf6 14. Bg4 Nxg4 15.
hxg4 Qxg4 16. f3 Qc4 17. Rf2 Nb4 18. d3 Qb5 19. Nxb5 Bxe3 20. Bxe3 Nxc2 21. Rc1 Nxe3 22. Nxc7 Rc8 23. Rd2 Rxc7 24. Rxc7 Kxc7 25. Re2 Nd5 26. g4 Rf8 27. Rc2+ Kd7 28. Kg2 Ne3+ 29. Kf2 Nxc2 30. b4 Nxb4 31. d4 exd4 32. g5 Re8 33. f4 Nxa2 34. f5 Rf8 35. f6 gxf6 36. gxf6 Rxf6+ 37. Kg2 d3 38. Kh3 d2 39. Kg2 d1=Q 40. Kg3 b5 41. Kh3 b4 42. Kh4 b3 43. Kg5 b2 44.
Kxf6 b1=Q 45. Kf7 Qg1 46. Kf6 d5 47. Ke5 d4 48. Kd5 d3 49. Ke4 d2+ 50. Kf3 d1=Q+ 51. Kf4 Qgd4+ 52. Kg3 Q1g1+ 53. Kf3 Qbd1# 0

[Event "Open Nuevo Centro. Jornada 2"]
[Site "Chess.com"]
[Date "2020.06.26"]
[Round "6"]
[White "Hernández Tomás, Efrén"]
[Black "Deusa Ballesteros, Lucas "]
[Result "0-1"]
[WhiteElo "1037"]
[BlackElo "1460"]
[TimeControl "180+2"]
[EndTime "11:37:05 PDT"]
[Termination "Victoria de facundillo2009 por jaque mate"]

1. e4 e6 2. Nf3 d5 3. exd5 exd5 4.
Qe2+ Qe7 5. Nc3 Nf6 6. Qxe7+ Bxe7 7. Nb5 Na6 8. Nc3 c6 9. Bxa6 bxa6 10. O-O O-O 11. Re1 Re8 12. d3 Bd7 13. Bg5 Rab8 14. Ne5 Bf5 15. Nxc6 Bc5 16. Rxe8+ Rxe8 17. Bxf6 gxf6 18.
Nxd5 Rc8 19. Nxf6+ Kg7 20. Nh5+ Kh6 21. d4 Rxc6 22.
dxc5 Kxh5 23. b4 a5 24. c3 Kg6 25. Rd1 axb4 26. cxb4 Kf6 27. Rd6+ Rxd6 28. cxd6 Ke6 29.
Kf1 Kxd6 30. Ke2 Kc6 31. Kd2 Kb5 32. Kc3 a5 33. bxa5 Kxa5 34. Kb3 Be6+ 35. Kb2 Ka4 36. a3 h5 37. f3 h4 38. h3 Bd5 39. Kc3 Kxa3 40.
Kd4 Be6 41. Ke4 Kb3 42. Kf4 f6 43. g4 hxg3 44. Kxg3 Kc4 45. h4 Kd5 46. Kf4 Kd6 47.
Kg3 Ke7 48. f4 Kf7 49. h5 Kg7 50. Kh4 Kh6 51. Kg3 Kxh5 52. Kf3 Kh4 53. Ke4 Kg4 54. Ke3 f5 55. Kf2 Kxf4 56. Kg2 Bd5+ 57. Kf2 Kg4 58. Ke2 f4 59. Kf2 f3 60. Kf1 Kg3 61.
Ke1 Bc4 62. Kd2 f2 63. Kc3 f1=Q 64. Kd4 Qd3+ 65. Ke5 Qd5+ 66. Kf6 Qe6+ 67. Kg7 Qf7+ 68. Kh6 Qf6+ 69. Kh5 Bf7# 0

[Event "Open Nuevo Centro. Jornada 2"]
[Site "Chess.com"]
[Date "2020.06.26"]
[Round "6"]
[White "Bosch Jordà, Ricard"]
[Black "Gutierrez Marco, Dario"]
[Result "0-1"]
[WhiteElo "1753"]
[BlackElo "1914"]
[TimeControl "180+2"]
[EndTime "11:37:10 PDT"]
[Termination "Victoria de rususs por tiempo"]

1. e4 c5 2. Nf3 e6 3. d4 cxd4 4. Nxd4 Nc6 5. Nc3 Qc7 6. g3 a6 7. Bg2 Nf6 8. O-O Nxd4 9. Qxd4 Bc5 10. Qd3 h6 11. Be3 d6 12. h3 O-O 13. Kh2 e5 14. f4 b5 15. a3 Be6 16. f5 Bc4 17.
Qd2 Bxf1 18. Rxf1 Bxe3 19. Qxe3 Qc5 20. Qf3 b4 21. axb4 Qxb4 22. g4 Qxb2 23. Ne2 Rac8 24. c3 Rfd8 25. h4 d5 26. exd5 Nxd5 27. g5 Nxc3 28. Ng3 e4 29. Qg4 Rd2 30. Rg1 hxg5 31.
Qxg5 Ne2 32. f6 Qxf6 33. Qxd2 Nxg3 34. Kxg3 Qe5+ 35. Kf2 e3+ 36. Qxe3 Rc2+ 37. Kf3 Rc3 38. Re1 Rxe3+ 39. Rxe3 Qf6+ 40. Ke2 Qxh4 41. Re8+ Kh7 42. Re3 Qc4+ 43. Kf2 a5 44. Be4+ g6 45. Bd3 Qd4 46.
Ke2 Qb2+ 47. Kf3 a4 48. Re7 Kg7 0

[Event "Open Nuevo Centro. Jornada 2"]
[Site "Chess.com"]
[Date "2020.06.26"]
[Round "6"]
[White "Gracia Calvo, Andrés"]
[Black "Camison Zornoza, Cesar"]
[Result "1-0"]
[WhiteElo "1818"]
[BlackElo "1709"]
[TimeControl "180+2"]
[EndTime "11:37:11 PDT"]
[Termination "Victoria de andresjaque21 por tiempo"]

1. d4 Nf6 2. Nf3 c5 3. c3 cxd4 4. cxd4 g6 5. Bf4 Bg7 6. e3 O-O 7. Be2 Qb6 8. Qc2 Nc6 9. Nc3 d6 10. O-O Nb4 11. Qb3 Be6 12. Qd1 Rac8 13. a3 Na6 14.
Qd2 Bc4 15. Rac1 Bxe2 16. Qxe2 Nh5 17. Bg5 Rfe8 18. Nd5 Qd8 19. b4 Nc7 20. Nxc7 Rxc7 21.
Rxc7 Qxc7 22. Qd2 Nf6 23. Rc1 Qd7 24. Qd3 a6 25. Nd2 b5 26. Ne4 Nxe4 27. Qxe4 Rc8 28. Rxc8+ Qxc8 29. h3 e6 30. Qd3 d5 31. Be7 Bf8 32. Bc5 Bxc5 33. dxc5 Qc6 34. Qd4 Qc7 35. Qf6 a5 36. g3 axb4 37. axb4 Qa7 38. Qd8+ Kg7 39. c6 Qa1+ 40. Kg2 Qb1 41. c7 Qe4+ 42. Kh2 Qf3 43. Kg1 Qd1+ 44. Kg2 Qc2 45. c8=Q Qe4+ 46.
Kh2 Qf3 47. Qc3+ Kh6 48. Qh4+ Qh5 49. Qxh5+ Kxh5 50. Qc5 Kh6 51. Qxb5 1